[Event "Titled Tuesday Blitz July 11 Late 2023"]
[White "Licznerski, Lukasz"]
[Black "Kramnik, Vladimir"]
[WhiteFideId "1179250"]
[BlackFideId "4101588"]
[WhiteElo "2821"]
[BlackElo "2978"]
[Result "1-0"]
[Round "9"]
[TimeControl "180+2"]
[Date "2023.07.11"]
[WhiteClock "0:00:05"]
[BlackClock "0:00:00"]
[Board "12"]

1. e4 c5 2. Nf3 e6 3. d4 cxd4 4. Nxd4 Nf6 5. Nc3 Nc6 6. Ndb5 d6 7. Bf4 e5 8. Bg5 a6 9. Na3 b5 10. Nd5 Be7 11. Bxf6 Bxf6 12. c3 Rb8 13. Nc2 Bg5 14. Be2 O-O 15. O-O a5 16. a3 Ne7 17. Nce3 Bxe3 18. Nxe3 Qb6 19. Qd3 Be6 20. Bg4 Rfd8 21. Bxe6 fxe6 22. Nc2 Ng6 23. g3 d5 24. Rad1 Ne7 25. Rfe1 Ng6 26. h4 Qc7 27. Qe2 Qf7 28. exd5 exd5 29. h5 Ne7 30. Qxe5 Nc6 31. Qe2 b4 32. Qe6 bxc3 33. bxc3 Rbc8 34. Qxf7+ Kxf7 35. Rd3 Rd6 36. Red1 Ne7 37. Ne3 Rc5 38. c4 d4 39. Rxd4 Rxd4 40. Rxd4 Rxh5 41. Rd7 Ke6 42. Ra7 Rc5 43. Ra6+ Rc6 44. Rxa5 h6 45. Ra7 Rd6 46. Rxe7+ 1-0


[Site "https://www.chess.com"]

[Event "Titled Tuesday Blitz July 11 Late 2023"]
[White "Svane, Frederik"]
[Black "Maghsoodloo, Parham"]
[WhiteFideId "12923044"]
[BlackFideId "12539929"]
[WhiteElo "2808"]
[BlackElo "2971"]
[Result "1/2-1/2"]
[Round "9"]
[TimeControl "180+2"]
[Date "2023.07.11"]
[WhiteClock "0:00:10"]
[BlackClock "0:00:11"]
[Board "13"]

1. c4 a6 2. Nc3 e6 3. e4 c5 4. Nf3 d6 5. Be2 e5 6. O-O g6 7. a3 Nc6 8. Rb1 Bg7 9. b4 Nge7 10. d3 O-O 11. Bg5 h6 12. Be3 b6 13. Qd2 Kh7 14. Ne1 f5 15. exf5 gxf5 16. f4 Nd4 17. Nf3 Ng6 18. Nd5 Be6 19. bxc5 bxc5 20. Rb7 Rf7 21. Rxf7 Bxf7 22. fxe5 dxe5 23. Bd1 Be6 24. Nxd4 cxd4 25. Bf2 Rb8 26. Bf3 Rb3 27. h3 a5 28. a4 Ne7 29. Bh4 Bxd5 30. Bxd5 e4 31. dxe4 d3 32. exf5 Qb6+ 33. Bf2 Bd4 34. Be4 Bxf2+ 35. Rxf2 Qd4 36. Qf4 Qf6 37. Rd2 Ng8 38. Rxd3 Rxd3 39. Bxd3 Qb6+ 40. Qf2 Qb3 41. f6+ Qxd3 42. f7 Qd1+ 43. Kh2 Qd6+ 44. g3 Nf6 45. c5 Qe7 46. c6 Kg7 47. Qc2 Qc7 48. Qc4 Nh7 49. Kg2 Nf8 50. h4 Kf6 51. Kh2 Kg7 52. Qg4+ Kxf7 53. Qf5+ Kg7 54. Qg4+ Kf6 55. Qd4+ Kf7 56. Qf2+ Kg8 57. Qc5 Ne6 58. Qd5 Kf7 59. Qf5+ Ke7 60. Qh7+ Kd6 61. Qxh6 Qxc6 62. Qd2+ Qd5 63. Qxd5+ Kxd5 64. h5 Ke5 65. Kg2 Kf5 66. Kf3 Nc5 67. Ke3 Nxa4 68. g4+ Kg5 69. Kd4 Nb6 70. Kc5 a4 71. Kb4 Kh6 72. Ka3 Kg5 73. Kb4 Kf6 74. h6 Kg6 75. g5 Kh7 76. Ka3 Kg6 77. Kb4 Kh7 78. Ka3 Kg6 79. Kb4 1/2-1/2


[Site "https://www.chess.com"]

[Event "Titled Tuesday Blitz July 11 Late 2023"]
[White "Zemlyanskii, Ivan"]
[Black "Sviridov, Valery"]
[WhiteFideId "24249971"]
[BlackFideId "4120680"]
[WhiteElo "2806"]
[BlackElo "2962"]
[Result "1-0"]
[Round "9"]
[TimeControl "180+2"]
[Date "2023.07.11"]
[WhiteClock "0:01:45"]
[BlackClock "0:01:21"]
[Board "14"]

1. d4 Nf6 2. c4 b6 3. f3 Nc6 4. Nc3 e5 5. d5 Ne7 6. Qc2 Ng6 7. g4 h5 8. g5 Nh7 9. h4 Bc5 10. e3 d6 11. b4 Bxb4 12. Qa4+ Bd7 13. Qxb4 O-O 14. Bd3 e4 15. Bxe4 Ne5 16. f4 Ng4 17. Qb1 f5 18. Bf3 Qe7 19. Qd3 Rae8 20. Nge2 a6 21. a4 a5 22. Nd4 Qf7 23. Ne6 Bxe6 24. dxe6 Re7 25. exf7+ 1-0


[Site "https://www.chess.com"]

[Event "Titled Tuesday Blitz July 11 Late 2023"]
[White "Bartel, Mateusz"]
[Black "Makarian, Rudik"]
[WhiteFideId "1112635"]
[BlackFideId "44105681"]
[WhiteElo "2794"]
[BlackElo "2949"]
[Result "1-0"]
[Round "9"]
[TimeControl "180+2"]
[Date "2023.07.11"]
[WhiteClock "0:00:27"]
[BlackClock "0:00:01"]
[Board "15"]

1. e4 c5 2. Nf3 Nc6 3. Bc4 e6 4. O-O Nf6 5. d3 d5 6. exd5 exd5 7. Bb5 Be7 8. Bxc6+ bxc6 9. h3 O-O 10. Nbd2 Bd6 11. Re1 h6 12. Nf1 a5 13. a4 Qc7 14. b3 Be6 15. Bb2 d4 16. N1d2 Bd5 17. Nc4 Bxc4 18. dxc4 Rfe8 19. Rxe8+ Rxe8 20. Qf1 Ne4 21. Re1 f5 22. Qd3 Qd7 23. Bc1 Bc7 24. Kf1 Kh7 25. Nd2 Nxd2+ 26. Bxd2 Rxe1+ 27. Bxe1 Qe6 28. Qe2 Qe4 29. f3 Qxe2+ 30. Kxe2 Kg6 31. Bd2 Kf6 32. g4 fxg4 33. fxg4 Ke6 34. Kf3 g5 35. Ke4 Kf6 36. c3 dxc3 37. Bxc3+ Ke6 38. Be1 Be5 39. Bf2 Bd6 40. Be3 Be7 41. Bc1 Bd8 42. Bb2 Kf7 43. Kf5 Be7 44. Be5 Bd8 45. Bd6 Bb6 46. Ke5 Kg6 47. Ke6 Bd8 48. Bxc5 h5 49. Kd7 Bf6 50. Kxc6 Bc3 51. Kd5 hxg4 52. hxg4 Be1 53. Bd4 Kf7 54. c5 Ke7 55. c6 Kd8 56. Bf6+ Kc7 57. Bxg5 Kb6 58. Be3+ Ka6 59. Bf4 Bc3 60. g5 Be1 61. g6 Bc3 62. Be5 Bb4 63. g7 Ka7 64. g8=Q Bf8 65. Qxf8 1-0


[Site "https://www.chess.com"]

[Event "Titled Tuesday Blitz July 11 Late 2023"]
[White "Leitao, Rafael"]
[Black "Keymer, Vincent"]
[WhiteFideId "2101246"]
[BlackFideId "12940690"]
[WhiteElo "2759"]
[BlackElo "2931"]
[Result "1-0"]
[Round "9"]
[TimeControl "180+2"]
[Date "2023.07.11"]
[WhiteClock "0:00:37"]
[BlackClock "0:00:08"]
[Board "16"]

1. c4 Nf6 2. Nc3 e5 3. Nf3 Nc6 4. e4 Bb4 5. d3 d6 6. a3 Bxc3+ 7. bxc3 Nd7 8. g3 Nc5 9. Nh4 Qf6 10. Bg2 g5 11. Nf3 h6 12. O-O Bg4 13. h3 Bd7 14. d4 Nxe4 15. Nxe5 Nxc3 16. Nxd7 Kxd7 17. Qg4+ Kd8 18. Bd2 Qxd4 19. Bxc3 Qxc3 20. Rab1 Rc8 21. Rfd1 Ne5 22. Qf5 Qxc4 23. Qxe5 Re8 24. Qf6+ Re7 25. Re1 1-0


[Site "https://www.chess.com"]

[Event "Titled Tuesday Blitz July 11 Late 2023"]
[White "Pinheiro, Iung Alicio de O."]
[Black "Grigoriants, Sergey"]
[WhiteFideId "2104350"]
[BlackFideId "4130804"]
[WhiteElo "2603"]
[BlackElo "2928"]
[Result "0-1"]
[Round "9"]
[TimeControl "180+2"]
[Date "2023.07.11"]
[WhiteClock "0:00:08"]
[BlackClock "0:00:04"]
[Board "17"]

1. e4 c5 2. Nc3 e6 3. g3 Nc6 4. Bg2 a6 5. Nge2 b5 6. O-O Bb7 7. d4 cxd4 8. Nxd4 Rc8 9. Re1 Nxd4 10. Qxd4 Ne7 11. Bg5 f6 12. Be3 Nc6 13. Qd1 Ne5 14. Ne2 Be7 15. Nd4 O-O 16. c3 Nc4 17. Bc1 Qb6 18. Nc2 Rfd8 19. Ne3 Ne5 20. f4 Nf7 21. Kh1 a5 22. a3 b4 23. axb4 axb4 24. Bd2 Nd6 25. Qc2 bxc3 26. bxc3 Qc5 27. Rad1 Nb5 28. Rc1 Rc7 29. Ng4 Na3 30. Qb3 Nc4 31. Be3 Nxe3 32. Nxe3 Bc6 33. f5 Rb7 34. Qa2 Ra7 35. Qe2 Ra3 36. Qg4 e5 37. Nd5 Bxd5 38. exd5 Bd6 39. c4 Rb8 40. h4 Rbb3 41. Rb1 Rxg3 42. Qh5 Bf8 43. Rb8 Qf2 44. Rxf8+ Kxf8 45. Rg1 Rh3+ 0-1


[Site "https://www.chess.com"]

[Event "Titled Tuesday Blitz July 11 Late 2023"]
[White "Ibarra Jerez, Jose Carlos"]
[Black "Kaplan, Avi Harrison"]
[WhiteFideId "2226332"]
[BlackFideId "30934559"]
[WhiteElo "2924"]
[BlackElo "2485"]
[Result "1-0"]
[Round "9"]
[TimeControl "180+2"]
[Date "2023.07.11"]
[WhiteClock "0:01:01"]
[BlackClock "0:00:02"]
[Board "18"]

1. e4 c5 2. Nc3 a6 3. g4 b5 4. Bg2 Bb7 5. d3 e6 6. Nh3 b4 7. Na4 d5 8. O-O dxe4 9. dxe4 Nd7 10. b3 h6 11. Qe2 Ngf6 12. Bb2 Be7 13. Rad1 O-O 14. Bxf6 gxf6 15. Qd2 Ne5 16. Qxh6 Qc7 17. Qf4 Rad8 18. Qg3 Rxd1 19. Rxd1 Rd8 20. Rf1 c4 21. g5 Kf8 22. gxf6 Bxf6 23. Ng5 Ke7 24. Nh7 Rh8 25. Nxf6 Kxf6 26. f4 Ng6 27. f5 Qxg3 28. fxg6+ Kxg6 29. hxg3 f5 30. exf5+ exf5 31. Bxb7 cxb3 32. cxb3 a5 33. Ba6 Kg5 34. Bd3 Kg4 35. Kg2 f4 36. Rxf4+ Kg5 37. Rf5+ Kg4 38. Rf4+ Kg5 39. Nc5 a4 40. Ne6+ Kh5 41. Rh4# 1-0


[Site "https://www.chess.com"]

[Event "Titled Tuesday Blitz July 11 Late 2023"]
[White "Durarbayli, Vasif"]
[Black "Todorovic, Bojan"]
[WhiteFideId "13402935"]
[BlackFideId "917087"]
[WhiteElo "2919"]
[BlackElo "2432"]
[Result "1-0"]
[Round "9"]
[TimeControl "180+2"]
[Date "2023.07.11"]
[WhiteClock "0:00:16"]
[BlackClock "0:00:04"]
[Board "19"]

1. e4 g6 2. d4 Bg7 3. Nc3 d6 4. Be3 a6 5. g4 b5 6. Bg2 Bb7 7. h4 Nf6 8. g5 Nh5 9. Bf3 Nd7 10. Bxh5 gxh5 11. Qxh5 b4 12. Nd5 e6 13. Nf4 O-O 14. f3 e5 15. dxe5 Nxe5 16. Nge2 f5 17. Ne6 Qe7 18. Nxg7 Qxg7 19. O-O-O fxe4 20. f4 Nf3 21. Nd4 Rae8 22. f5 c5 23. Ne6 Rxe6 24. fxe6 d5 25. Bxc5 Rc8 26. e7 Qf7 27. Qxf7+ Kxf7 28. Bxb4 d4 29. h5 d3 30. g6+ hxg6 31. hxg6+ Kxg6 32. Bc3 dxc2 33. Rd8 Kf7 34. e8=Q# 1-0


[Site "https://www.chess.com"]

[Event "Titled Tuesday Blitz July 11 Late 2023"]
[White "Duda, Jan-Krzysztof"]
[Black "Tristan, Leonardo"]
[WhiteFideId "1170546"]
[BlackFideId "113816"]
[WhiteElo "3028"]
[BlackElo "2780"]
[Result "1-0"]
[Round "9"]
[TimeControl "180+2"]
[Date "2023.07.11"]
[WhiteClock "0:00:11"]
[BlackClock "0:00:02"]
[Board "20"]

1. d4 d5 2. c4 e6 3. Nc3 a6 4. c5 e5 5. dxe5 d4 6. Na4 Nc6 7. e3 Bf5 8. Nf3 d3 9. Qb3 b5 10. cxb6 cxb6 11. Qxb6 Nb4 12. Nd4 Nc2+ 13. Nxc2 dxc2 14. Qc6+ Ke7 15. Bd2 f6 16. g4 Bxg4 17. Qxc2 Rc8 18. Qe4 Be6 19. Bxa6 Ra8 20. Qb7+ Bd7 21. Bb4+ Kf7 22. e6+ Kg6 23. Bd3+ Kh6 24. Bxf8 Rxa4 25. Bxg7+ Kxg7 26. Rg1+ Kh6 27. exd7 Ne7 28. Qf3 Ng6 29. Bxg6 Qa5+ 30. Kf1 hxg6 31. Qxf6 Qb5+ 32. Ke1 Qa5+ 33. Qc3 Qb5 34. Qxh8# 1-0


[Site "https://www.chess.com"]

[Event "Titled Tuesday Blitz July 11 Late 2023"]
[White "Svane, Rasmus"]
[Black "Khanin, Semen"]
[WhiteFideId "4657101"]
[BlackFideId "4111990"]
[WhiteElo "2950"]
[BlackElo "2759"]
[Result "1-0"]
[Round "9"]
[TimeControl "180+2"]
[Date "2023.07.11"]
[WhiteClock "0:00:08"]
[BlackClock "0:00:00"]
[Board "21"]

1. Nf3 d5 2. g3 Nd7 3. d4 Nb6 4. Nc3 Nf6 5. Bg2 Bf5 6. Nh4 e6 7. Nxf5 exf5 8. Qd3 g6 9. a4 c6 10. O-O Bg7 11. Bg5 O-O 12. b3 a5 13. e3 Nc8 14. Ne2 Nd6 15. c4 Nde4 16. Bxf6 Bxf6 17. cxd5 Qxd5 18. Nf4 Qd6 19. Bxe4 fxe4 20. Qxe4 Qb4 21. Qc2 Rfe8 22. Nd3 Qd6 23. Nc5 Qe7 24. Rac1 h5 25. h3 Bg7 26. Qd1 Rad8 27. Qf3 b6 28. Nd3 c5 29. d5 Qd7 30. Nf4 Qf5 31. g4 hxg4 32. hxg4 Qg5 33. Rfd1 Be5 34. Rc4 Bd6 35. Kg2 Kg7 36. Rh1 Rh8 37. Rxh8 Rxh8 38. Rc1 Rh4 39. Kf1 Rxg4 40. Nh3 Qh5 41. Ke2 Rh4 42. Qxh5 Rxh5 43. Ng1 Rxd5 44. Nf3 f5 45. Nd2 Kf6 46. Nc4 Bc7 47. Rh1 Kg7 48. f4 Rd8 49. Rh3 g5 50. fxg5 Kg6 51. Nxb6 Kxg5 52. Nc4 Rb8 53. Rh7 Rc8 54. Rd7 Kf6 55. Rd5 Bd8 56. Kf3 Ke6 57. Rd6+ Ke7 58. Rd3 Rb8 59. Kf4 Ke6 60. Rd6+ Ke7 61. Kxf5 Rxb3 62. Re6+ Kd7 63. Ne5+ Kc7 64. Rc6+ Kb7 65. Rxc5 Bb6 66. Rd5 Rxe3 67. Nc4 Rb3 68. Ke4 Rb4 69. Kd3 Rxa4 70. Rb5 Rb4 71. Nxa5+ Kc7 72. Rxb4 Bxa5 73. Rb5 Bb6 74. Kc4 Kc6 75. Rg5 Bf2 76. Rg6+ Kb7 77. Kd5 Kb8 78. Kc6 Be3 79. Rg7 Ka8 80. Re7 Bf2 81. Kc7 Bg3+ 82. Kb6 Bf2+ 83. Ka6 Bg3 84. Rg7 Bf4 85. Rg4 Be5 86. Rc4 1-0


[Site "https://www.chess.com"]

[Event "Titled Tuesday Blitz July 11 Late 2023"]
[White "Chigaev, Maksim"]
[Black "Skliarov, Viktor"]
[WhiteFideId "4108116"]
[BlackFideId "14106736"]
[WhiteElo "2949"]
[BlackElo "2646"]
[Result "1-0"]
[Round "9"]
[TimeControl "180+2"]
[Date "2023.07.11"]
[WhiteClock "0:00:26"]
[BlackClock "0:00:09"]
[Board "22"]

1. e4 c5 2. b3 Nc6 3. Bb2 Nf6 4. e5 Nd5 5. Nf3 d6 6. Bb5 a6 7. Bxc6+ bxc6 8. O-O f6 9. c4 Nf4 10. exd6 e5 11. d4 cxd4 12. c5 g6 13. Re1 Kf7 14. Nxd4 exd4 15. Qxd4 Nd5 16. Nc3 Nxc3 17. Bxc3 Ra7 18. Qe4 Qd7 19. Qc4+ Kg7 20. Bxf6+ Kxf6 21. Qd4+ Kf7 22. Qxh8 Bg7 23. Qxh7 Qg4 24. Re3 Qh5 25. Rf3+ Bf5 26. Qxh5 gxh5 27. Rxf5+ Kg6 28. Rd1 Kxf5 29. d7 Bf6 30. d8=Q Bxd8 31. Rxd8 Re7 32. g3 Re2 33. Rd6 Rxa2 34. Rxc6 a5 35. Ra6 h4 36. gxh4 Kg4 37. Kg2 Kxh4 38. b4 a4 39. b5 a3 40. b6 Rc2 41. b7 1-0


[Site "https://www.chess.com"]

[Event "Titled Tuesday Blitz July 11 Late 2023"]
[White "Antipov, Mikhail Al."]
[Black "Seletsky, Grigory"]
[WhiteFideId "4107012"]
[BlackFideId "14112191"]
[WhiteElo "2911"]
[BlackElo "2457"]
[Result "1-0"]
[Round "9"]
[TimeControl "180+2"]
[Date "2023.07.11"]
[WhiteClock "0:01:16"]
[BlackClock "0:00:05"]
[Board "23"]

1. e4 c5 2. Nf3 d6 3. d4 cxd4 4. Nxd4 Nf6 5. Nc3 a6 6. Rg1 e5 7. Nb3 h5 8. Be3 Be6 9. h3 Nbd7 10. g4 hxg4 11. hxg4 Rh4 12. f3 Rc8 13. Qd2 Nb6 14. g5 Nfd7 15. O-O-O g6 16. Kb1 Qc7 17. Be2 Nc4 18. Bxc4 Qxc4 19. Rh1 Rxh1 20. Rxh1 b5 21. Na5 Qc7 22. Nd5 Bxd5 23. exd5 Nb8 24. Rh8 b4 25. Nb3 a5 26. Qd3 a4 27. Nd2 Nd7 28. Ne4 Ke7 29. Rh7 Qb7 30. b3 a3 31. f4 exf4 32. Bxf4 Ne5 33. Bxe5 dxe5 34. d6+ Ke6 35. d7 Qxd7 36. Qh3+ f5 37. gxf6+ 1-0


[Site "https://www.chess.com"]

[Event "Titled Tuesday Blitz July 11 Late 2023"]
[White "Zhigalko, Sergei"]
[Black "Hajiyev, Kanan"]
[WhiteFideId "13502956"]
[BlackFideId "13404148"]
[WhiteElo "2882"]
[BlackElo "2553"]
[Result "1-0"]
[Round "9"]
[TimeControl "180+2"]
[Date "2023.07.11"]
[WhiteClock "0:00:48"]
[BlackClock "0:00:00"]
[Board "24"]

1. e4 c6 2. d4 d5 3. e5 a6 4. Nf3 Bg4 5. h3 Bxf3 6. Qxf3 e6 7. Bd3 c5 8. dxc5 Bxc5 9. Qg3 g6 10. O-O Nc6 11. Re1 Qc7 12. c3 Nge7 13. Bg5 O-O-O 14. Nd2 Rdf8 15. Bf6 Rhg8 16. b4 Ba7 17. a4 Nf5 18. Qf3 d4 19. b5 dxc3 20. bxc6 cxd2 21. Red1 Qxc6 22. Be4 Qc7 23. Rab1 Nd4 24. Bxb7+ Kd7 25. Rxd2 1-0


[Site "https://www.chess.com"]

[Event "Titled Tuesday Blitz July 11 Late 2023"]
[White "Pinero Rodriguez, Carlos Jose"]
[Black "Ter-Sahakyan, Samvel"]
[WhiteFideId "3901726"]
[BlackFideId "13302531"]
[WhiteElo "2452"]
[BlackElo "2830"]
[Result "0-1"]
[Round "9"]
[TimeControl "180+2"]
[Date "2023.07.11"]
[WhiteClock "0:00:04"]
[BlackClock "0:00:13"]
[Board "25"]

1. b3 e5 2. Bb2 Nc6 3. e3 Nf6 4. c4 d5 5. cxd5 Nxd5 6. a3 Bd6 7. Qc2 O-O 8. Nf3 Qe7 9. h4 Nb6 10. Ng5 f5 11. b4 a5 12. b5 Nd8 13. a4 Ne6 14. Qb3 Kh8 15. Nf3 Nc5 16. Qc2 Be6 17. Bxe5 Bxe5 18. Nxe5 Bb3 19. Qb2 Nbxa4 20. Qd4 Rad8 21. Qf4 Ne6 22. Qh2 Qc5 23. Na3 f4 24. Nf3 Nc3 25. h5 h6 26. Nh4 Rf6 27. Ng6+ Kg8 28. Nh4 Ne4 29. Nf3 Nxd2 30. Nxd2 fxe3 31. Ne4 Qb4+ 32. Ke2 Qxe4 33. fxe3 Bc4+ 34. Nxc4 Qxc4+ 35. Ke1 Qc3+ 36. Ke2 Qd2# 0-1


[Site "https://www.chess.com"]

[Event "Titled Tuesday Blitz July 11 Late 2023"]
[White "Vujacic, Igor"]
[Black "Troff, Kayden"]
[WhiteFideId "932620"]
[BlackFideId "2047896"]
[WhiteElo "2263"]
[BlackElo "2797"]
[Result "0-1"]
[Round "9"]
[TimeControl "180+2"]
[Date "2023.07.11"]
[WhiteClock "0:00:00"]
[BlackClock "0:00:02"]
[Board "26"]

1. d4 Nf6 2. Bf4 g6 3. Nc3 d5 4. e3 Bg7 5. Nb5 Na6 6. h3 O-O 7. Nf3 c5 8. c3 Bd7 9. a4 c4 10. Na3 Qb6 11. Qc2 Qa5 12. Be2 Nh5 13. Bh2 b6 14. Ne5 Bxa4 15. Qc1 b5 16. Nc6 Qb6 17. Nxe7+ Kh8 18. Nxd5 Qe6 19. Bf3 Rad8 20. Nc7 Nxc7 21. Bxc7 Rd7 22. Bh2 b4 23. Nb1 Bb3 24. Nd2 bxc3 25. bxc3 f5 26. O-O Rdf7 27. Bxh5 gxh5 28. Ra3 Bh6 29. Nxb3 cxb3 30. Qb2 Rb7 31. Rb1 f4 32. Rxb3 fxe3 33. Be5+ Kg8 34. Rxb7 exf2+ 35. Kf1 Qc4+ 36. Qe2 Qa4 37. R7b4 Qa3 38. Qc4+ Rf7 39. Rb8+ Bf8 0-1


[Site "https://www.chess.com"]

[Event "Titled Tuesday Blitz July 11 Late 2023"]
[White "Rustemov, Alexander"]
[Black "Ganiev, Roman"]
[WhiteFideId "4119002"]
[BlackFideId "4131452"]
[WhiteElo "2892"]
[BlackElo "2610"]
[Result "1-0"]
[Round "9"]
[TimeControl "180+2"]
[Date "2023.07.11"]
[WhiteClock "0:00:24"]
[BlackClock "0:00:01"]
[Board "27"]

1. d4 Nf6 2. c4 e6 3. Nf3 b6 4. a3 Bb7 5. Nc3 d5 6. Bg5 Be7 7. Bxf6 Bxf6 8. cxd5 exd5 9. Qa4+ Qd7 10. e3 O-O 11. Rc1 Qxa4 12. Nxa4 c6 13. Bd3 Nd7 14. O-O Rfc8 15. Rc2 g6 16. Rfc1 Rc7 17. Nc3 Rcc8 18. b4 Nf8 19. Ne2 Ne6 20. g3 a5 21. Nf4 axb4 22. axb4 Be7 23. Ne5 Nxf4 24. gxf4 Bxb4 25. Nxc6 Bxc6 26. Rxc6 Rxc6 27. Rxc6 Ra1+ 28. Kg2 Ra2 29. Kf1 Ra1+ 30. Ke2 Ra2+ 31. Bc2 Bf8 32. Kf3 b5 33. Bb3 Ra7 34. Rb6 b4 35. Bxd5 Kg7 36. e4 Rc7 37. e5 Rc3+ 38. Ke4 Rc7 39. f5 gxf5+ 40. Kxf5 Be7 41. f4 Rc2 42. Rb7 Kf8 43. Ke4 Re2+ 44. Kf3 Rxh2 45. f5 Rh3+ 46. Ke2 Bg5 47. Rxf7+ Ke8 48. Rb7 b3 49. Bxb3 Rh2+ 50. Kf3 h5 51. f6 Rh1 52. f7+ Kf8 53. Rb8+ 1-0


[Site "https://www.chess.com"]

[Event "Titled Tuesday Blitz July 11 Late 2023"]
[White "Veiga, Jose Francisco R P Neves"]
[Black "Morefield, Jason"]
[WhiteFideId "1930087"]
[BlackFideId "30920825"]
[WhiteElo "2610"]
[BlackElo "2771"]
[Result "0-1"]
[Round "9"]
[TimeControl "180+2"]
[Date "2023.07.11"]
[WhiteClock "0:00:11"]
[BlackClock "0:00:52"]
[Board "28"]

1. e4 a6 2. d4 c6 3. Nf3 d5 4. e5 Bf5 5. Be2 Nd7 6. O-O e6 7. c4 h6 8. Nc3 Ne7 9. Be3 dxc4 10. Bxc4 Nb6 11. Bd3 Bxd3 12. Qxd3 Nbd5 13. Rad1 Nf5 14. Bc1 Be7 15. Ne4 O-O 16. g4 Nh4 17. Nxh4 Bxh4 18. f4 f5 19. gxf5 exf5 20. Nd6 Qd7 21. b3 b5 22. Ba3 Be7 23. Bc5 Qe6 24. Kh1 Bxd6 25. Bxd6 Rf7 26. Rc1 Rc8 27. a4 Kh7 28. axb5 axb5 29. Ra1 g5 30. fxg5 hxg5 31. Qh3+ Kg6 32. Rg1 g4 33. Qg3 Rh7 34. Raf1 Rch8 35. Rg2 Rh3 36. Qf2 Ne3 37. Rfg1 Qd5 0-1


[Site "https://www.chess.com"]

[Event "Titled Tuesday Blitz July 11 Late 2023"]
[White "Leon Oquendo, Jorge"]
[Black "Tanenbaum, Zachary"]
[WhiteFideId "3514803"]
[BlackFideId "2060850"]
[WhiteElo "2600"]
[BlackElo "2748"]
[Result "1-0"]
[Round "9"]
[TimeControl "180+2"]
[Date "2023.07.11"]
[WhiteClock "0:00:22"]
[BlackClock "0:00:00"]
[Board "29"]

1. d4 d5 2. c4 dxc4 3. Nf3 Nf6 4. e3 Bg4 5. Bxc4 e6 6. h3 Bh5 7. Nc3 Nc6 8. Qa4 Bxf3 9. gxf3 Bb4 10. Bd2 O-O 11. Bb5 Bxc3 12. bxc3 Ne7 13. Be2 c5 14. Rg1 Nc6 15. Qb5 cxd4 16. cxd4 e5 17. dxe5 a6 18. Qb2 Nd5 19. f4 a5 20. a3 Qe7 21. Bf3 Rfd8 22. Rd1 Ra6 23. Qa2 Qe6 24. Bg4 Qg6 25. Kf1 Nc3 26. Bxc3 Rxd1+ 27. Bxd1 Qd3+ 28. Be2 Qxc3 29. Bxa6 bxa6 30. Kg2 Qd3 31. Rc1 Qe4+ 32. Kg1 h5 33. Qc4 Qg6+ 34. Kh2 Ne7 35. Rg1 Qf5 36. Rd1 Ng6 37. Rd8+ Kh7 38. Qd3 Qe6 39. Rd6 Qa2 40. Kg2 Kh8 41. Rd8+ Kh7 42. Qf5 Qe2 43. Qd3 Kh6 44. Qxe2 1-0


[Site "https://www.chess.com"]

[Event "Titled Tuesday Blitz July 11 Late 2023"]
[White "Fantastic_Power"]
[Black "Zavgorodniy, Sergiy"]
[BlackFideId "14110148"]
[WhiteElo "2732"]
[BlackElo "2596"]
[Result "1-0"]
[Round "9"]
[TimeControl "180+2"]
[Date "2023.07.11"]
[WhiteClock "0:00:31"]
[BlackClock "0:00:13"]
[Board "30"]

1. e4 c6 2. d4 d5 3. e5 Bf5 4. h4 h5 5. c4 e6 6. Nc3 dxc4 7. Bxc4 Nd7 8. Nge2 Nb6 9. Bb3 Ne7 10. Ng3 Bg6 11. Bg5 Qd7 12. O-O Nf5 13. Nxf5 Bxf5 14. Bc2 Bxc2 15. Qxc2 Be7 16. Ne4 O-O 17. Bf6 Nd5 18. Ng5 g6 19. Bxe7 Qxe7 20. Rad1 Kg7 21. Qe4 Rad8 22. Rd3 Rd7 23. Rf3 Qb4 24. g4 hxg4 25. Qxg4 Rh8 26. Kg2 Rh5 27. b3 c5 28. Rc1 Qb6 29. Rxc5 Re7 30. Ne4 Re8 31. Nf6 Nxf6 32. exf6+ 1-0


[Site "https://www.chess.com"]

[Event "Titled Tuesday Blitz July 11 Late 2023"]
[White "Chen, Max"]
[Black "Jarovinsky, Alexey"]
[WhiteFideId "2622440"]
[BlackFideId "14115131"]
[WhiteElo "2590"]
[BlackElo "2718"]
[Result "1-0"]
[Round "9"]
[TimeControl "180+2"]
[Date "2023.07.11"]
[WhiteClock "0:00:06"]
[BlackClock "0:00:00"]
[Board "31"]

1. e4 Nc6 2. d4 d5 3. Nc3 dxe4 4. d5 Nb8 5. Nxe4 c6 6. c4 Nf6 7. Nxf6+ exf6 8. Be2 cxd5 9. cxd5 Qa5+ 10. Bd2 Qxd5 11. Nf3 Nc6 12. O-O Be7 13. Qa4 O-O 14. Rad1 Qf5 15. Rfe1 Ne5 16. Bc3 Bd7 17. Qh4 Ng6 18. Qd4 Be6 19. Qd2 Rfd8 20. Nd4 Qf4 21. Bf3 Qxd2 22. Rxd2 Bd5 23. Nf5 Bxf3 24. Nxe7+ Nxe7 25. Rxe7 Rxd2 26. Bxd2 Bc6 27. Bc3 Rd8 28. f3 h5 29. Re1 Rd7 30. Kf2 Kh7 31. Re2 f5 32. Rd2 Bd5 33. f4 h4 34. g3 h3 35. a3 f6 36. Rd1 Kg6 37. Rd2 Kf7 38. Rd1 b6 39. Rd2 g5 40. Rd1 Kg6 41. Rd2 Kf7 42. Rd1 Ke6 43. Rd2 Rc7 44. Re2+ Be4 45. Rd2 a5 46. Rd8 g4 47. Rf8 Kd5 48. Rxf6 Rb7 49. Ke3 Kc4 50. Bd4 b5 51. Ra6 a4 52. Bc3 Kb3 53. Rd6 Rc7 54. Kd2 Ka2 55. Rb6 Rd7+ 56. Ke2 Bd3+ 57. Ke3 Kb1 58. Bd4 Bc4 59. Rf6 Re7+ 60. Be5 Rd7 61. Rxf5 Rd3+ 62. Kf2 Rd2+ 63. Ke3 Rxh2 64. Rh5 Rg2 65. f5 h2 66. f6 Bd5 67. Bd6 Bf7 68. Rh7 Be6 69. Kd4 Rg1 70. Rxh2 Rd1+ 71. Ke5 Bf7 72. Be7 Rd5+ 73. Kf4 Rd4+ 74. Kg5 Rc4 75. Kh6 Be6 76. Kg7 Rc7 77. Kf8 Rc8+ 78. Kg7 Rc7 79. Re2 Bc4 80. Rd2 Kc1 81. Rf2 Kb1 82. Kg6 Ka2 83. Kf5 Rc6 84. Kxg4 Bf7 85. Kg5 Kb3 86. Kh6 Rc2 87. Kg7 Rxf2 88. Kxf7 Kxb2 89. Ke8 Kb3 90. f7 b4 91. Bxb4 Re2+ 92. Be7 Rf2 93. f8=Q 1-0


[Site "https://www.chess.com"]

[Event "Titled Tuesday Blitz July 11 Late 2023"]
[White "Haydon, David L"]
[Black "Fiorito, Francisco"]
[WhiteFideId "415405"]
[BlackFideId "180165"]
[WhiteElo "2713"]
[BlackElo "2589"]
[Result "0-1"]
[Round "9"]
[TimeControl "180+2"]
[Date "2023.07.11"]
[WhiteClock "0:00:10"]
[BlackClock "0:00:27"]
[Board "32"]

1. d4 Nf6 2. Nf3 b6 3. g3 Bb7 4. Bg2 g6 5. O-O Bg7 6. c4 O-O 7. Nc3 Ne4 8. Bf4 Nxc3 9. bxc3 d6 10. Qd2 Nd7 11. Bh6 e6 12. Rfe1 Nf6 13. Bxg7 Kxg7 14. Qf4 Be4 15. Rad1 Re8 16. c5 Qe7 17. g4 e5 18. cxd6 cxd6 19. Qg3 h6 20. h4 Rac8 21. Nd2 Bxg2 22. Kxg2 Qe6 23. dxe5 dxe5 24. g5 hxg5 25. hxg5 Nh5 26. Qf3 Nf4+ 27. Kg1 Rh8 28. e3 Rh3 29. Qe4 Qg4+ 30. Kf1 Rch8 31. Qxe5+ Kg8 32. Qe8+ Kg7 33. Qe5+ Kh7 34. Qe4 Re8 35. Qb7 Re7 36. Qc6 Qd7 37. Qb7 Qxb7 38. exf4 Rh1# 0-1


[Site "https://www.chess.com"]